Little Stars vs Blackdemons

Created - February 4, 2019 at 19:01

Goals
1 2 3 T
Little Stars 1 1 1 3
Blackdemons 1 4 1 6
Shots
1 2 3 T
Little Stars 15 14 8 37
Blackdemons 10 15 9 34

1st period

1. Little Stars , Shawn Matthias 29 (Brian Flynn 50, Andrej Sustr 14) at 12:34
2. Blackdemons , Sergei Plotnikov 13 (Hudson Fasching 10, Scott Timmins 17) at 16:18

Penalties :
Tucker Poolman (Tex) for Holding (Minor) at 9:51

2nd period

3. Blackdemons , Max Friberg 16 (Kyle Rau 20) at 5:02
4. Blackdemons , Sergei Plotnikov 14 (Scott Timmins 18, Brett Kulak 5) at 7:58
5. Blackdemons , Alexandre Grenier 21 (Keaton Ellerby 22, Blake Pietila 27) at 17:07
6. Blackdemons , Alexandre Grenier 22 (Martin Hanzal 45, Keaton Ellerby 23) at 17:21
7. Little Stars , Alexander Vasyunov 10 (Jesse Joensuu 24, Tucker Poolman 7) at 19:42

Penalties :
No Penalty

3rd period

8. Blackdemons , Martin Hanzal 40 (Alexandre Grenier 26, Yannick Weber 30) at 6:32
9. Little Stars , Tucker Poolman 1 (Anton Cederholm 3, Bo Horvat 17) at 19:47

Penalties :
Andrej Sustr (Tex) for Roughing (Minor) at 2:07, Andrej Sustr (Tex) for Hooking (Minor) at 6:38, Kyle Rau (MJM) for Hooking (Minor) at 17:25

Goalie Stats

Matt Murray (Tex), 19 saves from 24 shots - (0.792), L, 15-11-2, 37:21 minutes
Peter Delmas (Tex), 9 saves from 10 shots - (0.900), 22:39 minutes
Laurent Brossoit (MJM), 34 saves from 37 shots - (0.919), W, 10-4-2, 60:00 minutes

Players Stats for Little Stars

Player Name              G  A  P  +/- PIM S  H  SB GA TA FO     MP     PP MP  PK MP  
------------------------------------------------------------------------------------
Adam Tambellini          0  0  0  -1  0   1  0  0  1  0  0/0     9:08   0:00   1:15 
Alexander Vasyunov       1  0  1  -2  0   6  0  1  1  0  0/0    14:26   0:00   1:02 
Andrej Sustr             0  1  1  -2  4   2  3  2  1  1  0/0    25:49   0:53   0:54 
Anton Cederholm          0  1  1   1  0   0  0  1  0  0  0/0    12:55   0:00   0:00 
Bo Horvat                0  1  1  -1  0   1  0  0  0  0  3/3     7:18   0:00   0:00 
Brian Flynn              0  1  1   0  0   2  2  1  1  0  21/45  19:28   0:59   1:43 
Cam Atkinson             0  0  0   0  0   5  0  2  0  1  1/1    20:44   0:59   2:59 
Dana Tyrell              0  0  0   0  0   0  2  0  1  1  1/6    15:21   1:00   0:07 
Jesse Joensuu            0  1  1   0  0   1  1  1  0  1  0/0    15:14   1:00   0:00 
Jordie Benn              0  0  0  -2  0   0  0  0  0  0  0/0    19:03   1:06   2:30 
Mathieu Perreault        0  0  0  -2  0   7  0  0  0  0  3/8    13:11   0:00   0:00 
Scott Kosmachuck         0  0  0  -2  0   3  2  0  0  0  0/0    13:11   0:00   0:00 
Shawn Matthias           1  0  1   0  0   4  5  0  1  1  1/5    21:12   0:59   3:05 
Stanislav Chistov        0  0  0   0  0   2  0  0  1  0  0/1    16:57   1:00   1:43 
Tucker Poolman           1  1  2   1  2   1  0  0  0  1  0/0    15:26   0:00   2:10 
Tyler Wotherspoon        0  0  0  -2  0   0  1  2  0  0  0/0    19:17   1:06   2:53 
Tyson Barrie             0  0  0  -2  0   2  0  5  0  1  0/0    28:02   0:53   3:27 
Zach Budish              0  0  0  -1  0   0  1  0  0  0  0/0     7:18   0:00   0:00 

Players Stats for Blackdemons

Player Name              G  A  P  +/- PIM S  H  SB GA TA FO     MP     PP MP  PK MP  
------------------------------------------------------------------------------------
Alexandre Grenier        2  1  3   3  0   3  0  2  0  0  0/2    17:26   0:00   0:00 
Alexei Morozov           0  0  0  -2  0   5  1  0  1  1  2/2    17:13   3:03   0:00 
Blake Pietila            0  1  1   3  0   2  3  1  0  1  0/0    21:27   2:54   0:48 
Brett Kulak              0  1  1  -1  0   0  3  3  0  0  0/0    11:36   0:00   0:00 
Charles-Olivier Roussel  0  0  0   2  0   0  0  0  0  0  0/0     4:32   0:00   1:07 
Hudson Fasching          0  1  1   2  0   0  0  0  0  0  1/1    11:29   2:54   0:00 
Jeffrey Foss             0  0  0   0  0   3  2  2  0  0  0/0    20:08   2:53   0:52 
Keaton Ellerby           0  2  2   2  0   0  0  1  0  0  0/0    24:51   3:04   1:07 
Kyle Rau                 0  1  1   0  2   1  0  0  0  1  6/9    11:52   0:00   0:00 
Ladislav Nagy            0  0  0   0  0   3  0  1  1  0  1/1    12:34   0:00   0:52 
Martin Hanzal            1  1  2   3  0   2  0  2  1  0  14/23  20:28   2:54   0:00 
Max Friberg              1  0  1   0  0   5  0  0  1  0  0/0    11:45   0:01   0:00 
Patrice Cormier          0  0  0  -2  0   3  3  1  0  0  14/27  17:43   3:02   0:44 
Robbie Russo             0  0  0  -1  0   1  0  0  0  0  0/0    11:36   0:00   0:00 
Roman Josi               0  0  0   2  0   1  1  0  1  1  0/0    23:44   3:04   0:00 
Scott Timmins            0  2  2   2  0   0  0  0  0  0  0/2     9:26   0:01   0:34 
Sergei Plotnikov         2  0  2   2  0   4  0  1  1  1  0/0     9:38   0:00   1:00 
Tommy Vannelli           0  0  0   2  0   0  0  0  0  0  0/0     3:25   0:00   0:00 
Yannick Weber            0  1  1   0  0   1  0  2  1  2  0/0    20:08   2:53   0:52 
Zachary Sanford          0  0  0  -2  0   0  0  1  0  0  1/2    16:59   3:02   0:00 

3 Stars

1 - Alexandre Grenier (MJM)
2 - Sergei Plotnikov (MJM)
3 - Martin Hanzal (MJM)

Power Play

Little Stars - 0 on 1 Attempt(s) - 0.00%
Blackdemons - 0 on 3 Attempt(s) - 0.00%

Penalty Kill

Little Stars - 3 on 3 Attempt(s) - 100.00% - Score 0 goal in Penalty Kill
Blackdemons - 1 on 1 Attempt(s) - 100.00% - Score 0 goal in Penalty Kill

Team Stat

Little Stars - Hits : 17 - Faceoff Wins : 30 - Blocked Shots : 15 - Penalty Minutes : 6
Blackdemons - Hits : 13 - Faceoff Wins : 39 - Blocked Shots : 17 - Penalty Minutes : 2

Official

Referees : Unknown
Linesman : Unknown

Game Notes

Peter Delmas enters game at 17:21 of 2nd period

Finance

Level 1 -- Attendance: 1440 (72.00%) -- Ticket Income $57,600
Level 2 -- Attendance: 744 (74.40%) -- Ticket Income $14,880
Total Attendance: 2184 (72.80%)
Total Ticket Income: $72,480
Other Income: $3,624
Total Income: $76,104

Little Stars

5 vs 5 Forward 
   Center                   Left Wing                Right Wing               Time % Phy DF OF 
 1 Brian Flynn              Shawn Matthias           Cam Atkinson             40     1   2  2  
 2 Dana Tyrell              Jesse Joensuu            Stanislav Chistov        30     1   2  2  
 3 Mathieu Perreault        Alexander Vasyunov       Scott Kosmachuck         20     1   2  2  
 4 Bo Horvat                Adam Tambellini          Zach Budish              10     1   2  2  

5 vs 5 Defense 
   Defense                  Defense                                           Time % Phy DF OF 
 1 Tyson Barrie             Andrej Sustr                                      40     1   2  2  
 2 Jordie Benn              Tyler Wotherspoon                                 30     1   2  2  
 3 Anton Cederholm          Tucker Poolman                                    20     1   2  2  
 4 Tyson Barrie             Andrej Sustr                                      10     1   2  2  

PowerPlay Forward 
   Center                   Left Wing                Right Wing               Time % Phy DF OF 
 1 Brian Flynn              Shawn Matthias           Cam Atkinson             60     0   2  3  
 2 Dana Tyrell              Jesse Joensuu            Stanislav Chistov        40     0   2  3  

PowerPlay Defense
   Defense                  Defense                                           Time % Phy DF OF 
 1 Tyson Barrie             Andrej Sustr                                      60     0   2  3  
 2 Jordie Benn              Tyler Wotherspoon                                 40     0   2  3  

Penalty Kill 4 Players Forward 
   Center                   Wing                     Time % Phy DF OF 
 1 Shawn Matthias           Cam Atkinson             60     0   3  2  
 2 Brian Flynn              Stanislav Chistov        40     0   3  2  

Penalty Kill 4 Players Defense
   Defense                  Defense                  Time % Phy DF OF 
 1 Tyson Barrie             Andrej Sustr             60     0   3  2  
 2 Jordie Benn              Tyler Wotherspoon        40     0   3  2  

Penalty Kill - 3 Players Forward 
   Forward                                           Time % Phy DF OF 
 1 Shawn Matthias                                    60     0   3  2  
 2 Cam Atkinson                                      40     0   3  2  

Penalty Kill - 3 Players Defense
   Defense                  Defense                  Time % Phy DF OF 
 1 Tyson Barrie             Andrej Sustr             60     0   3  2  
 2 Jordie Benn              Tyler Wotherspoon        40     0   3  2  

4 vs 4 Forward 
   Center                   Wing                     Time % Phy DF OF 
 1 Shawn Matthias           Cam Atkinson             60     1   2  2  
 2 Brian Flynn              Stanislav Chistov        40     1   2  2  

4 vs 4 Defense
   Defense                  Defense                  Time % Phy DF OF 
 1 Tyson Barrie             Andrej Sustr             60     1   2  2  
 2 Jordie Benn              Tyler Wotherspoon        40     1   2  2  

Last Minutes Offensive
   Center                   Left Wing                Right Wing               Defense                  Defense                  
   Brian Flynn              Shawn Matthias           Cam Atkinson             Tyson Barrie             Andrej Sustr             

Last Minutes Defensive
   Center                   Left Wing                Right Wing               Defense                  Defense                  
   Brian Flynn              Shawn Matthias           Cam Atkinson             Tyson Barrie             Andrej Sustr             

Goaltenders
Starting : Matt Murray              
Backup : Peter Delmas             

Extra Forwards
Normal : Mathieu Perreault, Bo Horvat, Alexander Vasyunov - PP : Mathieu Perreault, Bo Horvat - PK : Alexander Vasyunov
Extra Defensemen
Normal : Anton Cederholm, Tucker Poolman, Jordie Benn - PP : Anton Cederholm - PK : Tucker Poolman, Jordie Benn
Penalty Shots
Shawn Matthias, Cam Atkinson, Brian Flynn, Stanislav Chistov, Dana Tyrell

Scratches
Curtis Glencross (Abdominal Strain Injury), Daniel O'regan (Healthy), Michael Mersch (Healthy), Justin Auger (Healthy), Reece Willcox (Healthy)
Ville Pokka (Healthy), Jason Dickinson (Healthy), Emile Poirier (Healthy), Spencer Martin (Healthy)

Blackdemons

5 vs 5 Forward 
   Center                   Left Wing                Right Wing               Time % Phy DF OF 
 1 Martin Hanzal            Blake Pietila            Alexandre Grenier        36     0   1  4  
 2 Patrice Cormier          Zachary Sanford          Alexei Morozov           30     0   1  4  
 3 Kyle Rau                 Ladislav Nagy            Max Friberg              22     0   2  3  
 4 Scott Timmins            Sergei Plotnikov         Hudson Fasching          12     0   1  4  

5 vs 5 Defense 
   Defense                  Defense                                           Time % Phy DF OF 
 1 Keaton Ellerby           Roman Josi                                        40     0   4  1  
 2 Jeffrey Foss             Yannick Weber                                     30     0   4  1  
 3 Brett Kulak              Robbie Russo                                      22     0   5  0  
 4 Charles-Olivier Roussel  Tommy Vannelli                                    8      0   5  0  

PowerPlay Forward 
   Center                   Left Wing                Right Wing               Time % Phy DF OF 
 1 Patrice Cormier          Zachary Sanford          Alexei Morozov           50     0   0  5  
 2 Martin Hanzal            Blake Pietila            Hudson Fasching          50     0   0  5  

PowerPlay Defense
   Defense                  Defense                                           Time % Phy DF OF 
 1 Jeffrey Foss             Yannick Weber                                     50     0   1  4  
 2 Keaton Ellerby           Roman Josi                                        50     0   1  4  

Penalty Kill 4 Players Forward 
   Center                   Wing                     Time % Phy DF OF 
 1 Patrice Cormier          Ladislav Nagy            50     0   5  0  
 2 Kyle Rau                 Sergei Plotnikov         50     0   5  0  

Penalty Kill 4 Players Defense
   Defense                  Defense                  Time % Phy DF OF 
 1 Yannick Weber            Jeffrey Foss             50     0   5  0  
 2 Charles-Olivier Roussel  Keaton Ellerby           50     0   5  0  

Penalty Kill - 3 Players Forward 
   Forward                                           Time % Phy DF OF 
 1 Alexei Morozov                                    60     0   5  0  
 2 Martin Hanzal                                     40     0   5  0  

Penalty Kill - 3 Players Defense
   Defense                  Defense                  Time % Phy DF OF 
 1 Yannick Weber            Roman Josi               60     0   5  0  
 2 Jeffrey Foss             Keaton Ellerby           40     0   5  0  

4 vs 4 Forward 
   Center                   Wing                     Time % Phy DF OF 
 1 Alexei Morozov           Martin Hanzal            50     1   2  2  
 2 Ladislav Nagy            Patrice Cormier          50     1   2  2  

4 vs 4 Defense
   Defense                  Defense                  Time % Phy DF OF 
 1 Keaton Ellerby           Roman Josi               50     1   2  2  
 2 Yannick Weber            Jeffrey Foss             50     1   2  2  

Last Minutes Offensive
   Center                   Left Wing                Right Wing               Defense                  Defense                  
   Martin Hanzal            Ladislav Nagy            Alexei Morozov           Roman Josi               Keaton Ellerby           

Last Minutes Defensive
   Center                   Left Wing                Right Wing               Defense                  Defense                  
   Martin Hanzal            Ladislav Nagy            Alexei Morozov           Roman Josi               Keaton Ellerby           

Goaltenders
Starting : Laurent Brossoit         
Backup : Matt Hackett             

Extra Forwards
Normal : Max Friberg, Scott Timmins, Blake Pietila - PP : Max Friberg, Scott Timmins - PK : Blake Pietila
Extra Defensemen
Normal : Yannick Weber, Roman Josi, Jeffrey Foss - PP : Yannick Weber - PK : Roman Josi, Jeffrey Foss
Penalty Shots
Alexei Morozov, Martin Hanzal, Ladislav Nagy, Sergei Plotnikov, Zachary Sanford

Scratches
Christophe Lalancette (Healthy), Klas Dahlbeck (Healthy), Remi Elie (Healthy), Jyrki Jokipakka (Healthy), Mackenzie MacEachern (Healthy)
Ben Maxwell (Healthy), Nicolas Deschamps (Healthy), Angelo Esposito (Healthy), Jacob Lagacé (Healthy), James Livingstone (Healthy)
Ebbe Siönäs (Healthy), Sami Aittokallio (Healthy), Jeremy Smith (Healthy)

% Time on Ice - Little Stars

Lines # - Real PCT - Wanted PCT - Time Play
Normal Forward
1 - 33% - 40% - 17:21
2 - 27% - 30% - 14:14
3 - 25% - 20% - 13:11
4 - 14% - 10% - 7:18
Normal Defense
1 - 40% - 40% - 20:43
2 - 29% - 30% - 15:18
3 - 25% - 20% - 12:55
4 - 6% - 10% - 3:08
PP Forward
1 - 50% - 60% - 0:59
2 - 50% - 40% - 1:00
PP Defense
1 - 45% - 60% - 0:53
2 - 55% - 40% - 1:06
PK Forward
1 - 71% - 60% - 4:14
2 - 29% - 40% - 1:43
PK Defense
1 - 62% - 60% - 3:40
2 - 38% - 40% - 2:17
PK3 Forward
1 - 0% - 60%
2 - 0% - 40%
PK3 Defense
1 - 0% - 60%
2 - 0% - 40%
44 Forward
1 - 0% - 60%
2 - 0% - 40%
44 Defense
1 - 0% - 60%
2 - 0% - 40%
Last Minute Offensive  - 0:00
Last Minute Defensive  - 0:00
Total
Forward - 60:00
Defense - 60:00

% Time on Ice - Blackdemons

Lines # - Real PCT - Wanted PCT - Time Play
Normal Forward
1 - 34% - 36% - 17:28
2 - 27% - 30% - 14:16
3 - 22% - 22% - 11:42
4 - 17% - 12% - 8:38
Normal Defense
1 - 41% - 40% - 21:07
2 - 31% - 30% - 15:56
3 - 22% - 22% - 11:36
4 - 7% - 8% - 3:25
PP Forward
1 - 51% - 50% - 3:03
2 - 49% - 50% - 2:54
PP Defense
1 - 48% - 50% - 2:53
2 - 52% - 50% - 3:04
PK Forward
1 - 37% - 50% - 0:44
2 - 63% - 50% - 1:15
PK Defense
1 - 44% - 50% - 0:52
2 - 56% - 50% - 1:07
PK3 Forward
1 - 0% - 60%
2 - 0% - 40%
PK3 Defense
1 - 0% - 60%
2 - 0% - 40%
44 Forward
1 - 0% - 50%
2 - 0% - 50%
44 Defense
1 - 0% - 50%
2 - 0% - 50%
Last Minute Offensive  - 0:00
Last Minute Defensive  - 0:00
Total
Forward - 60:00
Defense - 60:00

Play-by-Play

1st period


0:01 of 1st period - Martin Hanzal wins face-off versus Brian Flynn in neutral zone.
0:33 of 1st period - Roman Josi is hit by Dana Tyrell and loses puck.
1:14 of 1st period - Snap shot by Mathieu Perreault.
1:14 of 1st period - Stopped by Laurent Brossoit with a rebound.
1:29 of 1st period - Icing by Tyler Wotherspoon.
1:30 of 1st period - Martin Hanzal wins face-off versus Mathieu Perreault in Little Stars zone.
1:57 of 1st period - Wrist shot by Mathieu Perreault.
1:57 of 1st period - Shot Blocked by Alexandre Grenier.
1:59 of 1st period - Wrist shot by Alexander Vasyunov.
1:59 of 1st period - Stopped by Laurent Brossoit with a rebound.
2:01 of 1st period - Snap shot by Mathieu Perreault.
2:01 of 1st period - Stopped by Laurent Brossoit with a rebound.
2:03 of 1st period - Wrist shot by Alexander Vasyunov.
2:03 of 1st period - Shot Misses the Net.
2:05 of 1st period - Slapshot by Mathieu Perreault.
2:05 of 1st period - Shot Blocked by Martin Hanzal.
2:07 of 1st period - Snap shot by Tyler Wotherspoon.
2:07 of 1st period - Shot Blocked by Alexandre Grenier.
2:09 of 1st period - Slapshot by Jordie Benn.
2:09 of 1st period - Shot Misses the Net.
2:57 of 1st period - Wrist shot by Scott Kosmachuck.
2:57 of 1st period - Shot Blocked by Jeffrey Foss.
3:05 of 1st period - Slapshot by Alexander Vasyunov.
3:05 of 1st period - Shot Misses the Net.
3:07 of 1st period - Slapshot by Jordie Benn.
3:07 of 1st period - Shot Misses the Net.
3:09 of 1st period - Snap shot by Alexander Vasyunov.
3:09 of 1st period - Stopped by Laurent Brossoit without a rebound.
3:10 of 1st period - Patrice Cormier wins face-off versus Brian Flynn in Blackdemons zone.
3:54 of 1st period - Wrist shot by Bo Horvat.
3:54 of 1st period - Stopped by Laurent Brossoit with a rebound.
5:05 of 1st period - Patrice Cormier is hit by Shawn Matthias and loses puck.
5:17 of 1st period - Icing by Alexei Morozov.
5:18 of 1st period - Kyle Rau wins face-off versus Dana Tyrell in Blackdemons zone.
5:27 of 1st period - Wrist shot by Max Friberg.
5:27 of 1st period - Stopped by Matt Murray without a rebound.
5:28 of 1st period - Patrice Cormier wins face-off versus Brian Flynn in Little Stars zone.
6:11 of 1st period - Off-side.
6:12 of 1st period - Bo Horvat wins face-off versus Martin Hanzal in neutral zone.
6:15 of 1st period - Slapshot by Tyson Barrie.
6:15 of 1st period - Stopped by Laurent Brossoit without a rebound.
6:16 of 1st period - Bo Horvat wins face-off versus Martin Hanzal in Blackdemons zone.
6:33 of 1st period - Snap shot by Adam Tambellini.
6:33 of 1st period - Shot Blocked by Brett Kulak.
6:35 of 1st period - Wrist shot by Adam Tambellini.
6:35 of 1st period - Stopped by Laurent Brossoit with a rebound.
6:37 of 1st period - Slapshot by Andrej Sustr.
6:37 of 1st period - Shot Misses the Net.
6:39 of 1st period - Wrist shot by Zach Budish.
6:39 of 1st period - Shot Blocked by Brett Kulak.
6:41 of 1st period - Slapshot by Andrej Sustr.
6:41 of 1st period - Stopped by Laurent Brossoit with a rebound.
7:14 of 1st period - Snap shot by Tyson Barrie.
7:14 of 1st period - Shot Blocked by Blake Pietila.
7:22 of 1st period - Snap shot by Bo Horvat.
7:22 of 1st period - Shot Misses the Net.
7:24 of 1st period - Snap shot by Adam Tambellini.
7:24 of 1st period - Shot Misses the Net.
7:48 of 1st period - Wrist shot by Alexandre Grenier.
7:48 of 1st period - Shot Blocked by Tyson Barrie.
7:58 of 1st period - Wrist shot by Tyson Barrie.
7:58 of 1st period - Deflect By Bo Horvat.
7:58 of 1st period - Shot Blocked by Brett Kulak.
7:58 of 1st period - Puck is out of play.
7:59 of 1st period - Brian Flynn wins face-off versus Patrice Cormier in Blackdemons zone.
8:35 of 1st period - Wrist shot by Stanislav Chistov.
8:35 of 1st period - Shot Misses the Net.
8:37 of 1st period - Wrist shot by Dana Tyrell.
8:37 of 1st period - Shot Blocked by Sergei Plotnikov.
8:47 of 1st period - Slapshot by Mathieu Perreault.
8:47 of 1st period - Stopped by Laurent Brossoit with a rebound.
8:49 of 1st period - Slapshot by Alexander Vasyunov.
8:49 of 1st period - Stopped by Laurent Brossoit with a rebound.
8:51 of 1st period - Wrist shot by Mathieu Perreault.
8:51 of 1st period - Stopped by Laurent Brossoit without a rebound.
8:52 of 1st period - Mathieu Perreault wins face-off versus Patrice Cormier in Blackdemons zone.
9:06 of 1st period - Off-side.
9:07 of 1st period - Brian Flynn wins face-off versus Kyle Rau in neutral zone.
9:18 of 1st period - Snap shot by Cam Atkinson.
9:18 of 1st period - Shot Misses the Net.
9:32 of 1st period - Dana Tyrell is hit by Patrice Cormier and loses puck.
9:43 of 1st period - Snap shot by Patrice Cormier.
9:43 of 1st period - Stopped by Matt Murray with a rebound.
9:45 of 1st period - Slapshot by Yannick Weber.
9:45 of 1st period - Shot Blocked by Jesse Joensuu.
9:51 of 1st period - Minor Penalty to Tucker Poolman for Holding.
9:52 of 1st period - Patrice Cormier wins face-off versus Shawn Matthias in Little Stars zone.
11:33 of 1st period - Brian Flynn is hit by Blake Pietila and loses puck.
11:51 of 1st period - Penalty to Tucker Poolman is over, Tucker Poolman is back on ice.
12:01 of 1st period - Wrist shot by Ladislav Nagy.
12:01 of 1st period - Shot Misses the Net.
12:03 of 1st period - Snap shot by Ladislav Nagy.
12:03 of 1st period - Stopped by Matt Murray without a rebound.
12:04 of 1st period - Kyle Rau wins face-off versus Dana Tyrell in Little Stars zone.
12:07 of 1st period - Wrist shot by Max Friberg.
12:07 of 1st period - Shot Blocked by Tyson Barrie.
12:09 of 1st period - Slapshot by Jeffrey Foss.
12:09 of 1st period - Shot Misses the Net.
12:11 of 1st period - Wrist shot by Max Friberg.
12:11 of 1st period - Deflect By Kyle Rau.
12:11 of 1st period - Stopped by Matt Murray without a rebound.
12:12 of 1st period - Kyle Rau wins face-off versus Dana Tyrell in Little Stars zone.
12:15 of 1st period - Wrist shot by Ladislav Nagy.
12:15 of 1st period - Deflect By Max Friberg.
12:15 of 1st period - Stopped by Matt Murray with a rebound.
12:17 of 1st period - Snap shot by Max Friberg.
12:17 of 1st period - Stopped by Matt Murray without a rebound.
12:18 of 1st period - Brian Flynn wins face-off versus Patrice Cormier in Little Stars zone.
12:23 of 1st period - Wrist shot by Brian Flynn.
12:23 of 1st period - Deflect By Cam Atkinson.
12:23 of 1st period - Stopped by Laurent Brossoit without a rebound.
12:24 of 1st period - Patrice Cormier wins face-off versus Brian Flynn in Blackdemons zone.
12:24 of 1st period - Patrice Cormier is hit by Andrej Sustr.
12:32 of 1st period - Snap shot by Shawn Matthias.
12:32 of 1st period - Shot Misses the Net.
12:34 of 1st period - Snap shot by Shawn Matthias.
12:34 of 1st period - Goal by Shawn Matthias - Little Stars : 1 - Blackdemons : 0.
12:35 of 1st period - Patrice Cormier wins face-off versus Brian Flynn in neutral zone.
12:38 of 1st period - Snap shot by Alexei Morozov.
12:38 of 1st period - Shot Blocked by Tyson Barrie.
12:40 of 1st period - Backhand shot by Alexei Morozov.
12:40 of 1st period - Stopped by Matt Murray without a rebound.
12:41 of 1st period - Brian Flynn wins face-off versus Patrice Cormier in Little Stars zone.
12:46 of 1st period - Snap shot by Patrice Cormier.
12:46 of 1st period - Stopped by Matt Murray without a rebound.
12:47 of 1st period - Brian Flynn wins face-off versus Patrice Cormier in Little Stars zone.
13:55 of 1st period - Backhand shot by Jesse Joensuu.
13:55 of 1st period - Stopped by Laurent Brossoit with a rebound.
14:01 of 1st period - Wrist shot by Blake Pietila.
14:01 of 1st period - Shot Misses the Net.
14:05 of 1st period - Wrist shot by Martin Hanzal.
14:05 of 1st period - Shot Misses the Net.
14:07 of 1st period - Snap shot by Blake Pietila.
14:07 of 1st period - Shot Misses the Net.
14:09 of 1st period - Snap shot by Martin Hanzal.
14:09 of 1st period - Shot Hit the Post.
14:19 of 1st period - Snap shot by Jesse Joensuu.
14:19 of 1st period - Shot Misses the Net.
14:49 of 1st period - Martin Hanzal is hit by Dana Tyrell and loses puck.
15:12 of 1st period - Stanislav Chistov is hit by Brett Kulak and loses puck.
15:21 of 1st period - Slapshot by Blake Pietila.
15:21 of 1st period - Shot Misses the Net.
15:23 of 1st period - Snap shot by Robbie Russo.
15:23 of 1st period - Deflect By Blake Pietila.
15:23 of 1st period - Shot Blocked by Anton Cederholm.
15:23 of 1st period - Puck is out of play.
15:24 of 1st period - Brian Flynn wins face-off versus Patrice Cormier in Little Stars zone.
16:16 of 1st period - Snap shot by Scott Timmins.
16:16 of 1st period - Shot Blocked by Andrej Sustr.
16:18 of 1st period - Snap shot by Hudson Fasching.
16:18 of 1st period - Deflect By Sergei Plotnikov.
16:18 of 1st period - Goal by Sergei Plotnikov - Little Stars : 1 - Blackdemons : 1.
16:19 of 1st period - Brian Flynn wins face-off versus Patrice Cormier in neutral zone.
16:44 of 1st period - Alexei Morozov is hit by Tyler Wotherspoon and loses puck.
17:08 of 1st period - Snap shot by Alexei Morozov.
17:08 of 1st period - Stopped by Matt Murray without a rebound.
17:09 of 1st period - Brian Flynn wins face-off versus Kyle Rau in Little Stars zone.
17:59 of 1st period - Ladislav Nagy is hit by Andrej Sustr and loses puck.
18:04 of 1st period - Snap shot by Shawn Matthias.
18:04 of 1st period - Stopped by Laurent Brossoit without a rebound.
18:05 of 1st period - Mathieu Perreault wins face-off versus Patrice Cormier in Blackdemons zone.
18:30 of 1st period - Stanislav Chistov is hit by Blake Pietila and loses puck.
18:54 of 1st period - Wrist shot by Adam Tambellini.
18:54 of 1st period - Shot Misses the Net.
19:55 of 1st period - Backhand shot by Alexandre Grenier.
19:55 of 1st period - Shot Misses the Net.
Goals for this period are 1 for Little Stars vs 1 for Blackdemons.
Shots for this period are 15 for Little Stars vs 10 for Blackdemons.

2nd period


0:01 of 2nd period - Alexei Morozov wins face-off versus Brian Flynn in neutral zone.
0:31 of 2nd period - Wrist shot by Ladislav Nagy.
0:31 of 2nd period - Shot Misses the Net.
0:33 of 2nd period - Wrist shot by Jeffrey Foss.
0:33 of 2nd period - Stopped by Matt Murray with a rebound.
0:44 of 2nd period - Off-side.
0:45 of 2nd period - Mathieu Perreault wins face-off versus Scott Timmins in neutral zone.
0:56 of 2nd period - Snap shot by Alexander Vasyunov.
0:56 of 2nd period - Deflect By Sergei Plotnikov.
0:56 of 2nd period - Stopped by Laurent Brossoit with a rebound.
0:59 of 2nd period - Icing by Roman Josi.
1:00 of 2nd period - Brian Flynn wins face-off versus Scott Timmins in Blackdemons zone.
1:09 of 2nd period - Snap shot by Cam Atkinson.
1:09 of 2nd period - Stopped by Laurent Brossoit without a rebound.
1:10 of 2nd period - Zachary Sanford wins face-off versus Brian Flynn in Blackdemons zone.
1:14 of 2nd period - Off-side.
1:15 of 2nd period - Brian Flynn wins face-off versus Patrice Cormier in neutral zone.
1:20 of 2nd period - Snap shot by Shawn Matthias.
1:20 of 2nd period - Stopped by Laurent Brossoit without a rebound.
1:21 of 2nd period - Martin Hanzal wins face-off versus Brian Flynn in Blackdemons zone.
1:47 of 2nd period - Stanislav Chistov is hit by Patrice Cormier and loses puck.
2:51 of 2nd period - Wrist shot by Cam Atkinson.
2:51 of 2nd period - Stopped by Laurent Brossoit with a rebound.
2:53 of 2nd period - Wrist shot by Brian Flynn.
2:53 of 2nd period - Shot Misses the Net.
2:55 of 2nd period - Slapshot by Cam Atkinson.
2:55 of 2nd period - Stopped by Laurent Brossoit with a rebound.
2:57 of 2nd period - Wrist shot by Brian Flynn.
2:57 of 2nd period - Stopped by Laurent Brossoit with a rebound.
3:17 of 2nd period - Snap shot by Patrice Cormier.
3:17 of 2nd period - Shot Misses the Net.
3:19 of 2nd period - Wrist shot by Alexei Morozov.
3:19 of 2nd period - Stopped by Matt Murray with a rebound.
3:21 of 2nd period - Backhand shot by Brett Kulak.
3:21 of 2nd period - Shot Misses the Net.
3:45 of 2nd period - Snap shot by Mathieu Perreault.
3:45 of 2nd period - Stopped by Laurent Brossoit with a rebound.
3:51 of 2nd period - Tyson Barrie is hit by Jeffrey Foss and loses puck.
4:14 of 2nd period - Snap shot by Alexandre Grenier.
4:14 of 2nd period - Shot Misses the Net.
4:35 of 2nd period - Wrist shot by Dana Tyrell.
4:35 of 2nd period - Shot Blocked by Keaton Ellerby.
4:37 of 2nd period - Backhand shot by Stanislav Chistov.
4:37 of 2nd period - Stopped by Laurent Brossoit with a rebound.
5:02 of 2nd period - Snap shot by Max Friberg.
5:02 of 2nd period - Goal by Max Friberg - Little Stars : 1 - Blackdemons : 2.
5:03 of 2nd period - Martin Hanzal wins face-off versus Brian Flynn in neutral zone.
5:58 of 2nd period - Wrist shot by Alexander Vasyunov.
5:58 of 2nd period - Stopped by Laurent Brossoit without a rebound.
5:59 of 2nd period - Martin Hanzal wins face-off versus Brian Flynn in Blackdemons zone.
6:04 of 2nd period - Snap shot by Cam Atkinson.
6:04 of 2nd period - Stopped by Laurent Brossoit with a rebound.
6:14 of 2nd period - Wrist shot by Brian Flynn.
6:14 of 2nd period - Shot Misses the Net.
6:35 of 2nd period - Slapshot by Patrice Cormier.
6:35 of 2nd period - Stopped by Matt Murray with a rebound.
6:37 of 2nd period - Snap shot by Yannick Weber.
6:37 of 2nd period - Stopped by Matt Murray without a rebound.
6:38 of 2nd period - Brian Flynn wins face-off versus Kyle Rau in Little Stars zone.
7:58 of 2nd period - Slapshot by Sergei Plotnikov.
7:58 of 2nd period - Goal by Sergei Plotnikov - Little Stars : 1 - Blackdemons : 3.
7:59 of 2nd period - Brian Flynn wins face-off versus Martin Hanzal in neutral zone.
8:10 of 2nd period - Snap shot by Cam Atkinson.
8:10 of 2nd period - Shot Misses the Net.
8:24 of 2nd period - Jeffrey Foss is hit by Jesse Joensuu and loses puck.
8:57 of 2nd period - Snap shot by Max Friberg.
8:57 of 2nd period - Stopped by Matt Murray without a rebound.
8:58 of 2nd period - Brian Flynn wins face-off versus Martin Hanzal in Little Stars zone.
9:13 of 2nd period - Martin Hanzal is hit by Shawn Matthias and loses puck.
9:56 of 2nd period - Alexander Vasyunov is hit by Alexei Morozov and loses puck.
10:09 of 2nd period - Sergei Plotnikov is hit by Zach Budish and loses puck.
11:28 of 2nd period - Tucker Poolman is hit by Jeffrey Foss and loses puck.
11:53 of 2nd period - Shawn Matthias is hit by Brett Kulak and loses puck.
12:36 of 2nd period - Patrice Cormier is hit by Scott Kosmachuck and loses puck.
13:16 of 2nd period - Martin Hanzal is hit by Brian Flynn and loses puck.
13:31 of 2nd period - Wrist shot by Dana Tyrell.
13:31 of 2nd period - Shot Misses the Net.
13:33 of 2nd period - Slapshot by Dana Tyrell.
13:33 of 2nd period - Shot Blocked by Ladislav Nagy.
13:35 of 2nd period - Slapshot by Tyson Barrie.
13:35 of 2nd period - Stopped by Laurent Brossoit with a rebound.
13:37 of 2nd period - Snap shot by Stanislav Chistov.
13:37 of 2nd period - Stopped by Laurent Brossoit without a rebound.
13:38 of 2nd period - Patrice Cormier wins face-off versus Stanislav Chistov in Blackdemons zone.
13:53 of 2nd period - Jesse Joensuu is hit by Roman Josi and loses puck.
14:04 of 2nd period - Roman Josi is hit by Brian Flynn and loses puck.
14:33 of 2nd period - Snap shot by Ladislav Nagy.
14:33 of 2nd period - Shot Blocked by Alexander Vasyunov.
14:35 of 2nd period - Slapshot by Robbie Russo.
14:35 of 2nd period - Stopped by Matt Murray with a rebound.
14:51 of 2nd period - Wrist shot by Sergei Plotnikov.
14:51 of 2nd period - Stopped by Matt Murray with a rebound.
14:53 of 2nd period - Snap shot by Sergei Plotnikov.
14:53 of 2nd period - Stopped by Matt Murray without a rebound.
14:54 of 2nd period - Brian Flynn wins face-off versus Martin Hanzal in Little Stars zone.
14:59 of 2nd period - Blake Pietila is hit by Shawn Matthias and loses puck.
15:06 of 2nd period - Wrist shot by Cam Atkinson.
15:06 of 2nd period - Deflect By Martin Hanzal.
15:06 of 2nd period - Shot Misses the Net.
15:06 of 2nd period - Puck is out of play.
15:07 of 2nd period - Patrice Cormier wins face-off versus Brian Flynn in Blackdemons zone.
15:07 of 2nd period - Patrice Cormier is hit by Shawn Matthias.
15:14 of 2nd period - Icing by Patrice Cormier.
15:15 of 2nd period - Brian Flynn wins face-off versus Patrice Cormier in Blackdemons zone.
15:16 of 2nd period - Wrist shot by Shawn Matthias.
15:16 of 2nd period - Shot Blocked by Patrice Cormier.
15:52 of 2nd period - Slapshot by Alexei Morozov.
15:52 of 2nd period - Stopped by Matt Murray without a rebound.
15:53 of 2nd period - Martin Hanzal wins face-off versus Brian Flynn in Little Stars zone.
16:00 of 2nd period - Wrist shot by Martin Hanzal.
16:00 of 2nd period - Shot Blocked by Brian Flynn.
16:04 of 2nd period - Slapshot by Alexandre Grenier.
16:04 of 2nd period - Shot Misses the Net.
16:06 of 2nd period - Snap shot by Jeffrey Foss.
16:06 of 2nd period - Shot Blocked by Cam Atkinson.
16:08 of 2nd period - Backhand shot by Alexandre Grenier.
16:08 of 2nd period - Shot Blocked by Tyson Barrie.
16:51 of 2nd period - Slapshot by Andrej Sustr.
16:51 of 2nd period - Deflect By Dana Tyrell.
16:51 of 2nd period - Shot Misses the Net.
16:51 of 2nd period - Puck is out of play.
16:52 of 2nd period - Martin Hanzal wins face-off versus Mathieu Perreault in Blackdemons zone.
16:59 of 2nd period - Wrist shot by Blake Pietila.
16:59 of 2nd period - Stopped by Matt Murray with a rebound.
17:03 of 2nd period - Snap shot by Blake Pietila.
17:03 of 2nd period - Shot Misses the Net.
17:05 of 2nd period - Slapshot by Keaton Ellerby.
17:05 of 2nd period - Shot Misses the Net.
17:07 of 2nd period - Wrist shot by Alexandre Grenier.
17:07 of 2nd period - Goal by Alexandre Grenier - Little Stars : 1 - Blackdemons : 4.
17:08 of 2nd period - Martin Hanzal wins face-off versus Brian Flynn in neutral zone.
17:21 of 2nd period - Wrist shot by Alexandre Grenier.
17:21 of 2nd period - Goal by Alexandre Grenier - Little Stars : 1 - Blackdemons : 5.
17:21 of 2nd period - Peter Delmas enters game.
17:22 of 2nd period - Brian Flynn wins face-off versus Martin Hanzal in neutral zone.
17:44 of 2nd period - Icing by Andrej Sustr.
17:45 of 2nd period - Dana Tyrell wins face-off versus Patrice Cormier in Little Stars zone.
17:55 of 2nd period - Off-side.
17:56 of 2nd period - Patrice Cormier wins face-off versus Brian Flynn in neutral zone.
17:59 of 2nd period - Slapshot by Jeffrey Foss.
17:59 of 2nd period - Stopped by Peter Delmas with a rebound.
18:07 of 2nd period - Snap shot by Patrice Cormier.
18:07 of 2nd period - Shot Blocked by Andrej Sustr.
18:51 of 2nd period - Snap shot by Scott Kosmachuck.
18:51 of 2nd period - Stopped by Laurent Brossoit without a rebound.
18:52 of 2nd period - Martin Hanzal wins face-off versus Shawn Matthias in Blackdemons zone.
19:42 of 2nd period - Snap shot by Alexander Vasyunov.
19:42 of 2nd period - Goal by Alexander Vasyunov - Little Stars : 2 - Blackdemons : 5.
19:43 of 2nd period - Martin Hanzal wins face-off versus Brian Flynn in neutral zone.
Goals for this period are 1 for Little Stars vs 4 for Blackdemons.
Shots for this period are 14 for Little Stars vs 15 for Blackdemons.

3rd period


0:01 of 3rd period - Patrice Cormier wins face-off versus Brian Flynn in neutral zone.
0:12 of 3rd period - Snap shot by Patrice Cormier.
0:12 of 3rd period - Shot Misses the Net.
0:14 of 3rd period - Snap shot by Roman Josi.
0:14 of 3rd period - Shot Blocked by Tyson Barrie.
0:32 of 3rd period - Snap shot by Stanislav Chistov.
0:32 of 3rd period - Shot Misses the Net.
0:34 of 3rd period - Snap shot by Dana Tyrell.
0:34 of 3rd period - Shot Misses the Net.
1:19 of 3rd period - Off-side.
1:20 of 3rd period - Brian Flynn wins face-off versus Zachary Sanford in neutral zone.
1:28 of 3rd period - Snap shot by Cam Atkinson.
1:28 of 3rd period - Deflect By Brian Flynn.
1:28 of 3rd period - Shot Misses the Net.
1:28 of 3rd period - Puck is out of play.
1:29 of 3rd period - Brian Flynn wins face-off versus Patrice Cormier in Blackdemons zone.
1:30 of 3rd period - Wrist shot by Cam Atkinson.
1:30 of 3rd period - Shot Misses the Net.
1:32 of 3rd period - Wrist shot by Brian Flynn.
1:32 of 3rd period - Stopped by Laurent Brossoit with a rebound.
1:34 of 3rd period - Snap shot by Shawn Matthias.
1:34 of 3rd period - Stopped by Laurent Brossoit without a rebound.
1:35 of 3rd period - Martin Hanzal wins face-off versus Brian Flynn in Blackdemons zone.
1:42 of 3rd period - Snap shot by Martin Hanzal.
1:42 of 3rd period - Shot Misses the Net.
1:44 of 3rd period - Wrist shot by Martin Hanzal.
1:44 of 3rd period - Stopped by Peter Delmas without a rebound.
1:45 of 3rd period - Martin Hanzal wins face-off versus Brian Flynn in Little Stars zone.
1:58 of 3rd period - Snap shot by Blake Pietila.
1:58 of 3rd period - Deflect By Martin Hanzal.
1:58 of 3rd period - Shot Blocked by Tyler Wotherspoon.
1:58 of 3rd period - Puck is out of play.
1:59 of 3rd period - Alexei Morozov wins face-off versus Brian Flynn in Little Stars zone.
2:07 of 3rd period - Minor Penalty to Andrej Sustr for Roughing.
2:08 of 3rd period - Hudson Fasching wins face-off versus Shawn Matthias in Little Stars zone.
2:10 of 3rd period - Slapshot by Jeffrey Foss.
2:10 of 3rd period - Deflect By Martin Hanzal.
2:10 of 3rd period - Shot Misses the Net.
2:10 of 3rd period - Puck is out of play.
2:11 of 3rd period - Shawn Matthias wins face-off versus Martin Hanzal in Little Stars zone.
4:07 of 3rd period - Penalty to Andrej Sustr is over, Andrej Sustr is back on ice.
4:34 of 3rd period - Jordie Benn is hit by Brett Kulak and loses puck.
4:42 of 3rd period - Off-side.
4:43 of 3rd period - Kyle Rau wins face-off versus Mathieu Perreault in neutral zone.
4:54 of 3rd period - Snap shot by Scott Kosmachuck.
4:54 of 3rd period - Stopped by Laurent Brossoit with a rebound.
5:31 of 3rd period - Slapshot by Alexei Morozov.
5:31 of 3rd period - Shot Misses the Net.
5:37 of 3rd period - Slapshot by Zachary Sanford.
5:37 of 3rd period - Deflect By Anton Cederholm.
5:37 of 3rd period - Shot Misses the Net.
5:37 of 3rd period - Puck is out of play.
5:38 of 3rd period - Ladislav Nagy wins face-off versus Mathieu Perreault in Little Stars zone.
5:51 of 3rd period - Wrist shot by Scott Kosmachuck.
5:51 of 3rd period - Shot Misses the Net.
5:53 of 3rd period - Slapshot by Andrej Sustr.
5:53 of 3rd period - Stopped by Laurent Brossoit without a rebound.
5:54 of 3rd period - Brian Flynn wins face-off versus Martin Hanzal in Blackdemons zone.
6:32 of 3rd period - Snap shot by Martin Hanzal.
6:32 of 3rd period - Goal by Martin Hanzal - Little Stars : 2 - Blackdemons : 6.
6:33 of 3rd period - Patrice Cormier wins face-off versus Brian Flynn in neutral zone.
6:36 of 3rd period - Slapshot by Roman Josi.
6:36 of 3rd period - Stopped by Peter Delmas with a rebound.
6:38 of 3rd period - Minor Penalty to Andrej Sustr for Hooking.
6:39 of 3rd period - Patrice Cormier wins face-off versus Shawn Matthias in Little Stars zone.
7:36 of 3rd period - Cam Atkinson is hit by Patrice Cormier and loses puck.
8:38 of 3rd period - Penalty to Andrej Sustr is over, Andrej Sustr is back on ice.
9:17 of 3rd period - Wrist shot by Adam Tambellini.
9:17 of 3rd period - Deflect By Robbie Russo.
9:17 of 3rd period - Shot Misses the Net.
9:17 of 3rd period - Puck is out of play.
9:18 of 3rd period - Kyle Rau wins face-off versus Mathieu Perreault in Blackdemons zone.
9:18 of 3rd period - Kyle Rau is hit by Scott Kosmachuck.
9:24 of 3rd period - Slapshot by Scott Kosmachuck.
9:24 of 3rd period - Stopped by Laurent Brossoit with a rebound.
9:34 of 3rd period - Snap shot by Mathieu Perreault.
9:34 of 3rd period - Stopped by Laurent Brossoit without a rebound.
9:35 of 3rd period - Martin Hanzal wins face-off versus Brian Flynn in Blackdemons zone.
9:42 of 3rd period - Slapshot by Blake Pietila.
9:42 of 3rd period - Stopped by Peter Delmas without a rebound.
9:43 of 3rd period - Martin Hanzal wins face-off versus Brian Flynn in Little Stars zone.
10:08 of 3rd period - Snap shot by Martin Hanzal.
10:08 of 3rd period - Deflect By Blake Pietila.
10:08 of 3rd period - Shot Blocked by Cam Atkinson.
10:08 of 3rd period - Puck is out of play.
10:09 of 3rd period - Patrice Cormier wins face-off versus Dana Tyrell in Little Stars zone.
10:42 of 3rd period - Snap shot by Mathieu Perreault.
10:42 of 3rd period - Shot Misses the Net.
10:56 of 3rd period - Brian Flynn is hit by Blake Pietila and loses puck.
11:03 of 3rd period - Snap shot by Alexandre Grenier.
11:03 of 3rd period - Stopped by Peter Delmas with a rebound.
11:43 of 3rd period - Snap shot by Alexei Morozov.
11:43 of 3rd period - Shot Misses the Net.
12:52 of 3rd period - Slapshot by Scott Kosmachuck.
12:52 of 3rd period - Shot Blocked by Jeffrey Foss.
12:54 of 3rd period - Slapshot by Anton Cederholm.
12:54 of 3rd period - Shot Misses the Net.
12:56 of 3rd period - Slapshot by Alexander Vasyunov.
12:56 of 3rd period - Shot Misses the Net.
12:58 of 3rd period - Wrist shot by Scott Kosmachuck.
12:58 of 3rd period - Shot Misses the Net.
13:00 of 3rd period - Slapshot by Anton Cederholm.
13:00 of 3rd period - Shot Blocked by Yannick Weber.
13:52 of 3rd period - Slapshot by Alexander Vasyunov.
13:52 of 3rd period - Shot Misses the Net.
14:00 of 3rd period - Snap shot by Mathieu Perreault.
14:00 of 3rd period - Shot Misses the Net.
14:16 of 3rd period - Snap shot by Mathieu Perreault.
14:16 of 3rd period - Shot Blocked by Yannick Weber.
14:18 of 3rd period - Snap shot by Mathieu Perreault.
14:18 of 3rd period - Stopped by Laurent Brossoit without a rebound.
14:19 of 3rd period - Patrice Cormier wins face-off versus Brian Flynn in Blackdemons zone.
14:51 of 3rd period - Snap shot by Ladislav Nagy.
14:51 of 3rd period - Stopped by Peter Delmas without a rebound.
14:52 of 3rd period - Kyle Rau wins face-off versus Dana Tyrell in Little Stars zone.
15:07 of 3rd period - Slapshot by Ladislav Nagy.
15:07 of 3rd period - Stopped by Peter Delmas without a rebound.
15:08 of 3rd period - Cam Atkinson wins face-off versus Alexandre Grenier in Little Stars zone.
15:15 of 3rd period - Wrist shot by Cam Atkinson.
15:15 of 3rd period - Deflect By Martin Hanzal.
15:15 of 3rd period - Shot Blocked by Martin Hanzal.
15:15 of 3rd period - Puck is out of play.
15:16 of 3rd period - Brian Flynn wins face-off versus Martin Hanzal in Blackdemons zone.
15:43 of 3rd period - Snap shot by Alexei Morozov.
15:43 of 3rd period - Stopped by Peter Delmas with a rebound.
16:27 of 3rd period - Keaton Ellerby is hit by Shawn Matthias and loses puck.
17:25 of 3rd period - Minor Penalty to Kyle Rau for Hooking.
17:26 of 3rd period - Patrice Cormier wins face-off versus Brian Flynn in Blackdemons zone.
18:02 of 3rd period - Ladislav Nagy is hit by Andrej Sustr.
19:25 of 3rd period - Penalty to Kyle Rau is over, Kyle Rau is back on ice.
19:33 of 3rd period - Slapshot by Yannick Weber.
19:33 of 3rd period - Shot Blocked by Tyler Wotherspoon.
19:35 of 3rd period - Slapshot by Jeffrey Foss.
19:35 of 3rd period - Stopped by Peter Delmas without a rebound.
19:36 of 3rd period - Bo Horvat wins face-off versus Patrice Cormier in Little Stars zone.
19:43 of 3rd period - Snap shot by Bo Horvat.
19:43 of 3rd period - Shot Blocked by Zachary Sanford.
19:45 of 3rd period - Slapshot by Anton Cederholm.
19:45 of 3rd period - Shot Misses the Net.
19:47 of 3rd period - Slapshot by Tucker Poolman.
19:47 of 3rd period - Goal by Tucker Poolman - Little Stars : 3 - Blackdemons : 6.
19:48 of 3rd period - Brian Flynn wins face-off versus Alexandre Grenier in neutral zone.
Goals for this period are 1 for Little Stars vs 1 for Blackdemons.
Shots for this period are 8 for Little Stars vs 9 for Blackdemons.